 Dungeon Crawl Stone Soup version 0.29-a0-973-gac7da5f7f0 (webtiles) character file.

Game seed: 3173081457932120381

58 jlumianski the Trooper (level 3, 0/29 HPs)
             Began as a Demonspawn Fighter on July 31, 2022.
             Slain by an iguana (4 damage)
             ... on level 3 of the Dungeon.
             The game lasted 00:07:55 (2250 turns).

jlumianski the Trooper (Demonspawn Fighter)         Turns: 2250, Time: 00:07:55

Health: 0/29       AC: 12    Str: 18    XL:     3   Next: 75%
Magic:  3/3        EV:  7    Int:  9    God:
Gold:   126        SH:  0    Dex: 12    Spells: 2/2 levels left

rFire   . . .      SeeInvis .   a - +0 war axe
rCold   . . .      Faith    .   (no shield)
rNeg    . . .      Spirit   .   o - +0 chain mail
rPois   .          Reflect  .   m - +2 helmet
rElec   .          Harm     .   (no cloak)
rCorr   .          Rampage  .   (no gloves)
Will    .....                   (no boots)
Stlth   ..........              (no amulet)
HPRegen 0.09/turn               (no ring)
MPRegen 0.08/turn               (no ring)

@: mighty
A: claws 1, ignite blood 1
a: no special abilities


You were on level 3 of the Dungeon.
You visited 1 branch of the dungeon, and saw 4 of its levels.

You collected 126 gold pieces.

Inventory:

Hand Weapons
 a - a +0 war axe (weapon)
 g - a +3 spear
 k - a +0 sling
 p - a +0 sling of freezing
Missiles
 t - 5 javelins
Armour
 b - a +0 scale mail
 c - a +0 buckler
 m - a +2 helmet (worn)
 o - a +0 chain mail (worn)
Scrolls
 e - a scroll of amnesia {unknown}
 f - a scroll of immolation {unknown}
 i - a scroll of blinking {unknown}
 j - a scroll of magic mapping {unknown}
 n - a scroll of enchant weapon {unknown}
 r - a scroll of fear {unknown}
 u - a scroll of identify {unknown}
 v - a scroll of teleportation {unknown}
Potions
 d - a potion of might
 h - a potion of curing {unknown}
 l - a potion of mutation {unknown}
 q - a potion of heal wounds {unknown}
 s - a potion of berserk rage {unknown}


   Skills:
 + Level 3.3 Fighting
 + Level 2.6 Axes
 + Level 0.5 Ranged Weapons
 + Level 3.1 Armour
 + Level 0.2 Dodging
 + Level 2.9 Shields


You had 2 spell levels left.
You didn't know any spells.
Your spell library contained the following spells:

 Spells                   Type           Power      Damage    Failure   Level
 Magic Dart               Conj           0%         1d3       99%         1
 Summon Small Mammal      Summ           0%         N/A       99%         1
 Call Imp                 Summ           0%         N/A       100%        2
 Ensorcelled Hibernation  Hex/Ice        0%         N/A       100%        2
 Call Canine Familiar     Summ           0%         N/A       100%        3
 Mephitic Cloud           Conj/Pois/Air  0%         N/A       100%        3
 Spider Form              Tmut/Pois      0%         N/A       100%        3
 Summon Guardian Golem    Hex/Summ       0%         N/A       100%        3
 Anguish                  Hex/Necr       0%         N/A       100%        4


Dungeon Overview and Level Annotations

Branches:
Dungeon (4/15)
 Temple: D:4-7

Altars:

Shops:
D:2 *


Innate Abilities, Weirdness & Mutations

You have sharp fingernails.
Your demonic aura sometimes causes spilled blood to erupt in flames.


Message History

Fire: p) +0 sling (freeze)
Press: ? - help, Q - select action, (/) - cycle Shift-Dir - straight line, f/p - iguana
Aim: an iguana (58% to hit)
You shoot a sling bullet. The hobgoblin shouts!
The sling bullet hits the iguana but does no damage.
Fire: p) +0 sling (freeze)
Press: ? - help, Q - select action, (/) - cycle Shift-Dir - straight line, f/p - iguana
Aim: an iguana (58% to hit)
You shoot a sling bullet.
The sling bullet closely misses the iguana.
The iguana attacks as you move away!
The iguana bites you but does no damage.
The iguana bites you but does no damage.
The iguana attacks as you move away! The iguana bites you!
The iguana attacks as you move away!
The iguana bites you but does no damage.
The iguana hisses menacingly.
A rat comes into view.
A jackal comes into view.
Fire: p) +0 sling (freeze)
Press: ? - help, Q - select action, (/) - cycle Shift-Dir - straight line, f/p - iguana
Aim: an iguana (58% to hit)
Okay, then.
Unknown command.
Your +0 sling of freezing stops glowing.
a - a +0 war axe (weapon)
Okay, then.
Unknown command.
You feel very mighty all of a sudden. The iguana bites you.
You hit the iguana but do no damage. You slash the rat!
You kill the rat!
The iguana bites you. The jackal completely misses you. The iguana bites you!
* * * LOW HITPOINT WARNING * * *
You hit the iguana.
The iguana is moderately wounded.
You slash the jackal!
You kill the jackal!
The iguana bites you.
You die...

#... #### ..##
... ### ..## ...#
##.#.# # ##..#.#
#
##.#######..##.#
#
......†@lg.....#
#
##.#######.###.##
# #####...#
#..### #
#.#...g.###
#....######
##.....###
#.##.......
#.)......#
#.#########
..#....g...:....#
# .
#.......####..# #
#.......# ##.. #


You could see an iguana and a hobgoblin.

Vanquished Creatures
  A worm (D:2)
  2 dart slugs
  5 bats
  6 endoplasms
  2 giant cockroaches
  4 goblins
  4 hobgoblins
  A jackal (D:3)
  8 quokkas
  4 ball pythons
  2 frilled lizards (D:1)
  2 kobolds (D:1)
  5 rats
46 creatures vanquished.

Notes
Turn   | Place    | Note
-------+----------+-------------------------------------------
     0 | D:1      | jlumianski the Demonspawn Fighter began the quest for the
                  | Orb.
     0 | D:1      | Reached XP level 1. HP: 18/18 MP: 1/1
   339 | D:1      | Gained mutation: Your demonic aura sometimes causes spilled
                  | blood to erupt in flames. [demonic ancestry]
   339 | D:1      | Reached XP level 2. HP: 24/24 MP: 2/2
   861 | D:1      | Gained mutation: You have sharp fingernails. [demonic
                  | ancestry]
   861 | D:1      | Reached XP level 3. HP: 27/29 MP: 3/3
  1083 | D:2      | Found Tyaxkiph's General Store.
  1853 | D:2      | Found a faded altar of an unknown god.
  2250 | D:3      | Slain by an iguana

Illustrated notes

Levels and vault maps discovered:
D:1:      minmay_arrival_cross, layout_rooms, minivault_14
D:2:      layout_loops_cross, basic_ecumenical_altar, serial_shops, shop
D:3:      layout_rooms, kennysheep_generic_room_8, uniq_sigmund
D:4:      layout_loops_corners, lemuel_round_altar, trog_wizard, uniq_pikel

Skill      XL: |  1  2 |
---------------+-------+-----
Axes           | 2 |  2.6
Armour         | 3 |  3.1
Fighting       | |  3.3
Ranged Weapons | |  0.5
Dodging        | |  0.2
Shields        | |  2.9

Action                   || total
-------------------------++-------
Melee: War axe           ||    87
 Fire: Sling             ||    27
  Use: Potion            ||     1
Armor: Scale mail        ||    26
       Chain mail        ||    26
Dodge: Dodged            ||    42
Block: Buckler           ||    23

Table legend: (Time is in decaauts)
 A = Elapsed time spent in this place.
 B = Non-inter-level travel time spent in this place.
 C = Inter-level travel time spent in this place.
 D = Time resting spent in this place.
 E = Time spent auto-exploring this place.
 F = Levels seen in this place.
 G = Mean time per level.
                   A        B        C        D        E       F      G
               +--------+--------+--------+--------+--------+-----+--------+
         Total |   2306 |   2234 |     72 |    310 |   1243 |   4 |  576.5 |
       Dungeon |   2306 |   2234 |     72 |    310 |   1243 |   4 |  576.5 |
               +--------+--------+--------+--------+--------+-----+--------+

Top non-repeatable levels by time:
     D:2: 1088 daAuts
     D:1: 1032 daAuts
     D:3: 163 daAuts
     D:4: 21 daAuts
